 Dungeon Sprint DCSS version 0.30-a0-52-g86a8295270 (webtiles) character file.

Game seed: 12803491279485619749

30289 mhtbhm the Metallomancer (level 13, 0/68 HPs)
             Began as a Gargoyle Earth Elementalist on Sept 7, 2022.
             Was the Champion of Vehumet.
             Shot with a bolt by a yaktaur captain (27 damage)
             ... in the Dungeon (Sprint III: "The Ten Rune Challenge").
             The game lasted 00:20:49 (6615 turns).

mhtbhm the Metallomancer (GrEE)                     Turns: 6615, Time: 00:20:49

Health: 0/68       AC: 19    Str: 12    XL:     13   Next: 50%
Magic:  11/38      EV: 13    Int: 21    God:    Vehumet [******]
Gold:   439        SH:  5    Dex: 10    Spells: 9/54 levels left

rFire   + . .      SeeInvis .    (no weapon)
rCold   . . .      Faith    .    (no shield)
rNeg    + . .      Spirit   .    a - +0 robe {rF+}
rPois   ∞          Reflect  +    (no helmet)
rElec   +          Harm     .    (no cloak)
rCorr   .          Rampage  .    (no gloves)
Will    .....      NoTele   +    (no boots)
Stlth   +++.......               s - amulet of reflection
HPRegen 0.21/turn                t - ring of the Tortoise {AC+8}
MPRegen 0.26/turn                (no ring)

@: no status effects
A: sickness immunity, AC +9, negative energy resistance 1, electricity
resistance, torment resistance 1, petrification resistance
a: Renounce Religion


You were in the Dungeon.
You worshipped Vehumet.
Vehumet was exalted by your worship.
You visited 1 branch You collected 2950 gold pieces.
You spent 2511 gold pieces at shops.

Inventory:

Missiles
 p - 5 silver javelins
 q - 7 curare-tipped darts (quivered)
Armour
 a - a +0 robe of fire resistance (worn)
Jewellery
 s - an amulet of reflection (around neck)
 t - the ring of the Tortoise (left hand) {AC+8}
   (You bought it in a shop in the Dungeon)

   [ring of protection]

   AC:        It affects your AC (+8).
Wands
 i - a wand of light (4)
 n - a wand of iceblast (7)
 u - a wand of flame (3)
Scrolls
 g - a scroll of blinking
 h - a scroll of poison
 j - 2 scrolls of immolation
 k - 9 scrolls of identify
Potions
 b - 2 potions of magic
 c - a potion of curing
 d - 2 potions of heal wounds
 e - 3 potions of haste
 f - 2 potions of berserk rage
 l - a potion of lignification
 m - 6 potions of mutation
 r - a potion of invisibility
Miscellaneous
 o - a box of beasts


   Skills:
 + Level 3.3 Fighting
 + Level 4.5 Dodging
 + Level 6.7 Stealth
 + Level 1.0 Shields
 + Level 0.3 Unarmed Combat
 + Level 21.4 Spellcasting
 + Level 10.3 Conjurations
 + Level 2.9 Hexes
 + Level 4.4 Transmutations
 + Level 4.7 Fire Magic
 + Level 25.5 Earth Magic
 + Level 3.3 Evocations


You had 9 spell levels left.
You knew the following spells:

 Your Spells              Type           Power      Damage    Failure   Level
a - Sandblast             Erth           100%       2d20      0%          1
b - Passwall              Tmut/Erth      59%        N/A       0%          2
c - Stone Arrow           Conj/Erth      100%       3d13      0%          3
d - Petrify               Tmut/Erth      71%        N/A       1%          4
e - Inner Flame           Hex/Fire       38%        N/A       1%          3
f - Fireball              Conj/Fire      26%        3d12      1%          5
g - Lee's Rapid Deconstr  Erth           46%        3d23*     0%          5
h - Spellforged Servitor  Conj/Summ      22%        N/A       45%         7
i - Orb of Destruction    Conj           30%        9d10      7%          7
j - Ignition              Fire           21%        3d8       98%         8

Your spell library contained the following spells:

 Spells                   Type           Power      Damage    Failure   Level
 Chain Lightning          Conj/Air       22%        3d29      100%        9
 Fire Storm               Conj/Fire      26%        8d7       100%        9
 Apportation              Tloc           44%        N/A       1%          1
 Necrotise                Necr           88%        1d8       1%          1
 Summon Small Mammal      Summ           88%        N/A       1%          1
 Ozocubu's Armour         Ice            22%        N/A       6%          3
 Metabolic Englaciation   Hex/Ice        14%        N/A       30%         5
 Simulacrum               Ice/Necr       11%        N/A       97%         6


Dungeon Overview and Level Annotations

Branches:
Dungeon (1/1)

Altars:
Cheibriados
Dithmenos
Elyvilon
Fedhas
Gozag
Hepliaklqana
Kikubaaqudgha
Makhleb
Nemelex Xobeh
Okawaru
Qazlal
Ru
Sif Muna
Trog
Uskayaw
Vehumet
Wu Jian
Xom
Yredelemnul
Zin
The Shining One
Jiyva
Lugonu

Shops:
D *(=(((?:![((


Innate Abilities, Weirdness & Mutations

You are immune to sickness and miasma.
Your stone body is resilient. (AC +9)
You are immune to poison.
You resist negative energy. (rN+)
You are resistant to electric shocks. (rElec)
You are resistant to unholy torment.
You are immune to petrification.


Message History

The blast of petrified fragments hits the bush but does no damage.
The bush is moderately damaged.
The blast of petrified fragments hits the bush!!
The bush is heavily damaged.
The blast of petrified fragments hits the bush!
The bush is moderately damaged.
The blast of petrified fragments hits the bush!!
The bush is severely damaged.
A white ugly thing comes into view.
You block the slime creature's attack.
Unknown command.
Something hits the bush but does no damage.
Casting: Lee's Rapid Deconstruction (safe; 0% risk of failure)
Confirm with . or Enter, or press ? or * to list all spells.
Aiming: Lee's Rapid Deconstruction (safe; 0% risk of failure)
Press: ? - help, Dir - move target A metal wall.
The metal wall shatters!
The blast of metal fragments hits the slime creature!!
You kill the slime creature!
Vehumet accepts your kill.
You feel your power returning.
The blast of metal fragments hits the white ugly thing!!
The white ugly thing is heavily wounded.
Unknown command.
Casting: Lee's Rapid Deconstruction (safe; 0% risk of failure)
Confirm with . or Enter, or press ? or * to list all spells.
Aiming: Lee's Rapid Deconstruction (safe; 0% risk of failure)
Press: ? - help, Dir - move target A metal wall.
The metal wall shatters!
The blast of metal fragments hits the white ugly thing!!!
You kill the white ugly thing!
Vehumet accepts your kill.
You feel your power returning.
Something hits the bush!!
Unknown command.
The yaktaur captain wields a +1 arbalest of chaos.
It is briefly surrounded by a scintillating aura of random colours.
The yaktaur captain shoots a bolt.
The bolt hits you!!
You die... # ###§ §≈§≈ ############ ≈§ #[..#...#).# §§§ #...#...#..# PP c≈ ##'###'##..# PcP ## ###.......'..# .PPP.

○# ##.#.#####.####......
####..'.#.).'.#.@'......
...'..#######.'.†#......
#######.. ..#.#### .....
.∩⌠⌠∩.#..#..#.#..# ....
.∩⌠⌠∩.#.#.#.#.'..# ...
.∩∩.∩.#....)#)#..# ..
.∩∩∩∩.#.....#.#..# .
......#.#.#.'.#..#
##''###..#..#.#..#


You could see a yaktaur captain.

Vanquished Creatures
  Sigmund (D)
  A deep elf master archer (D)
  A deep elf demonologist (D)
  2 deep elf annihilators (D)
  Snorg (D)
  A fire dragon (D)
  2 deep elf high priests (D)
  2 centaur warriors (D)
  4 dancing weapons (D)
  Urug (D)
  A skeletal warrior (D)
  An orange crystal statue (D)
  A lindwurm (D)
  3 deep elf zephyrmancers (D)
  2 orc sorcerers (D)
  2 deep elf pyromancers (D)
  4 crystal guardians (D)
  2 ugly things (D)
  4 statues (D)
  Edmund (D)
  An unseen horror (D)
  2 cane toads (D)
  A rime drake (D)
  A yaktaur (D)
  A komodo dragon (D)
  A queen bee (D)
  4 spriggan defenders (D)
  5 slime creatures (D)
  5 blink frogs (D)
  2 tyrant leeches (D)
  2 orc high priests (D)
  3 wandering mushrooms (D)
  A shadow (D)
  3 redbacks (D)
  A spatial vortex (D)
  An orc warrior (D)
  A swamp drake (D)
  2 centaurs (D)
  An earth elemental (D)
  A necrophage (D)
  A water elemental (D)
  32 killer bees (D)
  3 orc priests (D)
  A jelly (D)
  Jessica (D)
  4 orc wizards (D)
  A necromancer (D)
  A wizard (D)
  A kobold demonologist (D)
  3 humans (D)
  A wolf (D)
  10 orcs (D)
  An endoplasm (D)
  2 rats (D)
138 creatures vanquished.

Vanquished Creatures (collateral kills)
  A deep elf zephyrmancer (D)
  A deep elf pyromancer (D)
2 creatures vanquished.

Vanquished Creatures (others)
  A floating eye (D)
  13 plants (D)
14 creatures vanquished.

Grand Total: 154 creatures vanquished

Notes
Turn   | Place    | Note
-------+----------+-------------------------------------------
     0 | D        | mhtbhm the Gargoyle Earth Elementalist began the quest for
                  | the Orb.
     0 | D        | Reached XP level 1. HP: 10/10 MP: 3/3
    12 | D        | Reached skill level 4 in Earth Magic
    57 | D        | Noticed Jessica
    59 | D        | Killed Jessica
    60 | D        | Reached skill level 6 in Earth Magic
    60 | D        | Reached XP level 2. HP: 15/15 MP: 3/6
    60 | D        | Reached XP level 3. HP: 19/19 MP: 3/7
    63 | D        | Learned a level 2 spell: Passwall
    67 | D        | Learned a level 3 spell: Stone Arrow
   205 | D        | Reached skill level 1 in Transmutations
   205 | D        | Reached skill level 7 in Earth Magic
   375 | D        | Reached XP level 4. HP: 17/24 MP: 3/9
   471 | D        | Noticed a water elemental
   478 | D        | Killed a water elemental
   479 | D        | Reached skill level 5 in Spellcasting
   479 | D        | Reached skill level 8 in Earth Magic
   479 | D        | Reached XP level 5. HP: 7/28 MP: 2/12
   710 | D        | Learned a level 4 spell: Petrify
   722 | D        | Found a radiant altar of Vehumet.
   722 | D        | Found a shimmering blue altar of Sif Muna.
   722 | D        | Found an ancient bone altar of Kikubaaqudgha.
   725 | D        | Reached skill level 9 in Earth Magic
   726 | D        | Noticed a hellwing
   788 | D        | Became a worshipper of Vehumet
   803 | D        | Found a basalt altar of Yredelemnul.
   803 | D        | Found a shadowy altar of Dithmenos.
   803 | D        | Found a sacrificial altar of Ru.
   812 | D        | Reached skill level 1 in Conjurations
   812 | D        | Reached skill level 10 in Earth Magic
   812 | D        | Reached XP level 6. HP: 31/33 MP: 10/15
   882 | D        | Found a glowing silver altar of Zin.
   882 | D        | Found a glowing golden altar of the Shining One.
   882 | D        | Found a white marble altar of Elyvilon.
   882 | D        | Noticed a deep elf pyromancer
   885 | D        | Killed a deep elf pyromancer
   885 | D        | Reached * piety under Vehumet
   885 | D        | Offered knowledge of Freeze by Vehumet.
   886 | D        | Reached skill level 1 in Fighting
   886 | D        | Reached skill level 5 in Stealth
   886 | D        | Reached skill level 12 in Earth Magic
   886 | D        | Reached XP level 7. HP: 20/38 MP: 12/20
  1031 | D        | Found a hide-covered altar of Uskayaw.
  1031 | D        | Found an iron altar of Okawaru.
  1031 | D        | Found a bloodstained altar of Trog.
  1031 | D        | Found an ornate altar of the Wu Jian Council.
  1031 | D        | Noticed a human
  1031 | D        | Noticed a human
  1039 | D        | Killed a human
  1040 | D        | Reached skill level 10 in Spellcasting
  1040 | D        | Reached skill level 13 in Earth Magic
  1043 | D        | Killed a human
  1044 | D        | Reached XP level 8. HP: 44/44 MP: 3/22
  1163 | D        | Reached ** piety under Vehumet
  1163 | D        | Offered knowledge of Magic Dart by Vehumet.
  1164 | D        | Noticed a shadow
  1170 | D        | Killed a shadow
  1171 | D        | Reached skill level 14 in Earth Magic
  1229 | D        | Found a blossoming altar of Fedhas.
  1229 | D        | Found a stormy altar of Qazlal.
  1229 | D        | Found a snail-covered altar of Cheibriados.
  1229 | D        | Found a burning altar of Makhleb.
  1229 | D        | Found a shimmering altar of Xom.
  1230 | D        | Found a hazy altar of Hepliaklqana.
  1230 | D        | Found an opulent altar of Gozag.
  1230 | D        | Found a sparkling altar of Nemelex Xobeh.
  1230 | D        | Found a corrupted altar of Lugonu.
  1230 | D        | Found a viscous altar of Jiyva.
  1258 | D        | Noticed Snorg
  1277 | D        | Killed Snorg
  1278 | D        | Reached skill level 15 in Earth Magic
  1278 | D        | Reached skill level 1 in Evocations
  1278 | D        | Reached XP level 9. HP: 49/49 MP: 6/24
  1484 | D        | Offered knowledge of Inner Flame by Vehumet.
  1484 | D        | Reached *** piety under Vehumet
  1548 | D        | Learned a level 3 spell: Inner Flame
  1566 | D        | Noticed an orc sorcerer
  1567 | D        | Offered knowledge of Airstrike by Vehumet.
  1569 | D        | Noticed a hellwing
  1569 | D        | Reached **** piety under Vehumet
  1569 | D        | Killed an orc sorcerer
  1570 | D        | Reached skill level 5 in Conjurations
  1570 | D        | Reached skill level 16 in Earth Magic
  1572 | D        | Noticed an orc sorcerer
  1575 | D        | Reached ***** piety under Vehumet
  1576 | D        | Reached skill level 1 in Hexes
  1577 | D        | Killed an orc sorcerer
  1578 | D        | Reached skill level 1 in Fire Magic
  1756 | D        | Found Quuturph's Assorted Antiques.
  1854 | D        | Noticed a deep elf zephyrmancer
  1854 | D        | Noticed a deep elf pyromancer
  1854 | D        | Noticed a deep elf pyromancer
  1854 | D        | Noticed a deep elf zephyrmancer
  1854 | D        | Noticed a deep elf zephyrmancer
  1870 | D        | Killed a deep elf zephyrmancer
  1870 | D        | Offered knowledge of Fireball by Vehumet.
  1871 | D        | Reached skill level 17 in Earth Magic
  1871 | D        | Reached XP level 10. HP: 54/54 MP: 22/27
  1871 | D        | Killed a deep elf zephyrmancer
  1873 | D        | Killed a deep elf pyromancer
  1877 | D        | Killed a deep elf pyromancer
  1878 | D        | Reached skill level 18 in Earth Magic
  1956 | D        | Noticed a deep elf annihilator
  1962 | D        | Killed a deep elf zephyrmancer
  1962 | D        | Reached ****** piety under Vehumet
  2037 | D        | Learned a level 5 spell: Fireball
  2038 | D        | Noticed a deep elf demonologist
  2041 | D        | Noticed a deep elf high priest
  2046 | D        | Killed a deep elf annihilator
  2046 | D        | Offered knowledge of Irradiate by Vehumet.
  2048 | D        | Noticed a deep elf master archer
  2164 | D        | Noticed a deep elf zephyrmancer
  2167 | D        | Killed a deep elf zephyrmancer
  2171 | D        | Noticed a deep elf high priest
  2251 | D        | Identified the +1 leather armour "Qiwk" {rN+ Int-4 Dex+3}
  2251 | D        | Noticed a deep elf annihilator
  2265 | D        | Killed a deep elf annihilator
  2266 | D        | Reached skill level 15 in Spellcasting
  2266 | D        | Reached skill level 19 in Earth Magic
  2266 | D        | Reached XP level 11. HP: 54/59 MP: 4/30
  2269 | D        | Killed a deep elf high priest
  2533 | D        | Killed a deep elf demonologist
  2888 | D        | Noticed a centaur warrior
  2892 | D        | Offered knowledge of Lee's Rapid Deconstruction by Vehumet.
  2900 | D        | Killed a centaur warrior
  3274 | D        | Reached skill level 20 in Earth Magic
  3378 | D        | Learned a level 5 spell: Lee's Rapid Deconstruction
  3400 | D        | Reached skill level 10 in Conjurations
  3401 | D        | Offered knowledge of Starburst by Vehumet.
  3590 | D        | Offered knowledge of Iron Shot by Vehumet.
  3775 | D        | Reached skill level 21 in Earth Magic
  3838 | D        | Reached XP level 12. HP: 43/64 MP: 22/33
  4064 | D        | Offered knowledge of Spellforged Servitor by Vehumet.
  4235 | D        | Noticed Urug
  4244 | D        | Killed Urug
  4245 | D        | Reached skill level 22 in Earth Magic
  4467 | D        | Learned a level 7 spell: Spellforged Servitor
  4499 | D        | Noticed Sigmund
  4499 | D        | Noticed Edmund
  4505 | D        | Killed Sigmund
  4509 | D        | Killed Edmund
  4653 | D        | Noticed a sun demon
  4672 | D        | Offered knowledge of Orb of Destruction by Vehumet.
  4771 | D        | Learned a level 7 spell: Orb of Destruction
  4834 | D        | Noticed a yaktaur captain
  4848 | D        | Reached skill level 23 in Earth Magic
  4920 | D        | Found Maiser's Magic Scroll Emporium.
  4920 | D        | Found Vaxkac's Book Shop.
  4920 | D        | Found Movof's Antique Weapon Shoppe.
  4920 | D        | Found Enonuargh's Weapon Boutique.
  4920 | D        | Found Deank's Weapon Shop.
  4920 | D        | Found Dete's Antique Armour Emporium.
  4920 | D        | Found Saup's Distillery.
  4921 | D        | Found Utaufo's Antique Weapon Boutique.
  4921 | D        | Found Nifeul's Weapon Shoppe.
  4921 | D        | Found Fapotes's Jewellery Shop.
  4921 | D        | Found Asicuqe's Weapon Emporium.
  4956 | D        | Bought a potion of heal wounds for 65 gold pieces
  4956 | D        | Bought a potion of haste for 130 gold pieces
  4956 | D        | Bought a potion of invisibility for 104 gold pieces
  4960 | D        | Bought an amulet of reflection for 420 gold pieces
  4960 | D        | Bought the ring of the Tortoise {AC+8} for 1792 gold pieces
  4960 | D        | Found the ring of the Tortoise {AC+8}
  5164 | D        | Offered knowledge of Conjure Ball Lightning by Vehumet.
  5455 | D        | Reached XP level 13. HP: 68/68 MP: 25/36
  5595 | D        | Identified the +8 hand axe of the Other Side {vorpal, rElec
                  | Int+2 Stlth+}
  5597 | D        | Killed a deep elf high priest
  5598 | D        | Reached skill level 24 in Earth Magic
  5601 | D        | Killed a deep elf master archer
  6219 | D        | Reached skill level 1 in Shields
  6227 | D        | Offered knowledge of Fire Storm by Vehumet.
  6227 | D        | Offered knowledge of Chain Lightning by Vehumet.
  6227 | D        | Offered knowledge of Ignition by Vehumet.
  6240 | D        | Learned a level 8 spell: Ignition
  6421 | D        | Noticed a fire dragon
  6423 | D        | Killed a fire dragon
  6518 | D        | Reached skill level 25 in Earth Magic
  6582 | D        | Identified the +9 rapier of the Flying Soothsayer {pain,
                  | +Blink rN+ Will-}
  6582 | D        | Identified the +6 broad axe "Zipt" {vorpal, rCorr Dex+5}
  6603 | D        | Noticed a yaktaur captain
  6615 | D        | Shot with a bolt by a yaktaur captain

Illustrated notes

Levels and vault maps discovered:
D:        dungeon_sprint_mu [sprint_mu_entry_cave, sprint_mu_temple_rooms,
          sprint_mu_d1_horrors, sprint_mu_d2_genie, sprint_mu_d3_branching,
          sprint_mu_orc_legion, sprint_mu_elf_gauntlet, sprint_mu_hive_nellie,
          sprint_mu_lair_fedhas, sprint_mu_vaults_butterflies,
          sprint_mu_slime_circle, sprint_mu_swamp_cave, sprint_mu_shoals_archi,
          sprint_mu_blade_basic, sprint_mu_crypt_lich, sprint_mu_tomb_spiral,
          sprint_mu_vestibule_basic, sprint_mu_gehenna_hellfire,
          sprint_mu_dis_giant, sprint_mu_tartarus_statrot,
          sprint_mu_cocytus_islands, sprint_mu_zot1]

Skill      XL: |  1  2  3  4  5  6  7  8  9 10 11 12 13 |
---------------+----------------------------------------+-----
Stealth        | 3 4 5 6 |  6.7
Earth Magic    | 6 7 8 10 12 13 15 17 19 21 23 25 | 25.5
Dodging        | 2 3 4 |  4.5
Spellcasting   | 3 5 6 9 10 11 13 15 17 19 21 | 21.4
Transmutations | 1 2 3 4 |  4.4
Conjurations   | 1 2 4 6 8 10 | 10.3
Fighting       | 1 2 3 |  3.3
Evocations     | 1 2 3 |  3.3
Hexes          | 2 |  2.9
Fire Magic     | 1 2 4 |  4.7
Shields        | 1 |  1.0
Unarmed Combat | |  0.3

Action                   |  1- 3 |  4- 6 |  7- 9 | 10-12 | 13-15 || total
-------------------------+-------+-------+-------+-------+-------++-------
Melee: Unarmed           |       |       |       |     4 |       ||     4
 Cast: Sandblast         |    15 |    13 |    17 |    43 |     1 ||    89
       Passwall          |     2 |       |       |       |       ||     2
       Stone Arrow       |     1 |     3 |    32 |    17 |       ||    53
       Petrify           |       |       |     4 |     8 |     1 ||    13
       Inner Flame       |       |       |     3 |       |       ||     3
       Fireball          |       |       |       |    26 |       ||    26
       Lee's Rapid Decon |       |       |       |    66 |    29 ||    95
       Orb of Destructio |       |       |       |       |     1 ||     1
Evoke: Wand              |     1 |       |     3 |     2 |       ||     6
       Box of beasts     |       |       |     1 |     3 |       ||     4
  Use: Potion            |       |       |     1 |     1 |       ||     2
       Scroll            |       |       |       |     3 |       ||     3
Armor: Robe              |     1 |     1 |       |    27 |     1 ||    30
Dodge: Dodged            |     6 |     8 |     3 |    52 |     4 ||    73
Block: Other             |       |       |       |     4 |     2 ||     6
       Reflection        |       |       |       |       |     1 ||     1

Table legend: (Time is in decaauts)
 A = Elapsed time spent in this place.
 B = Non-inter-level travel time spent in this place.
 C = Inter-level travel time spent in this place.
 D = Time resting spent in this place.
 E = Time spent auto-exploring this place.
 F = Levels seen in this place.
 G = Mean time per level.
                   A        B        C        D        E       F      G
               +--------+--------+--------+--------+--------+-----+--------+
         Total |   6704 |   6669 |     35 |   4974 |     14 |   1 | 6704.0 |
       Dungeon |   6704 |   6669 |     35 |   4974 |     14 |   1 | 6704.0 |
               +--------+--------+--------+--------+--------+-----+--------+

Top non-repeatable levels by time:
       D: 6704 daAuts
